 Dungeon Crawl Stone Soup version 0.24.1-14-gf8d2b509d9 (webtiles) character file.

Game seed: 11956733451487238718, levelgen mode: deterministic

47416 KlarStein the Carver (level 14, 114/114 HPs)
             Began as a Demonspawn Fighter on Aug 1, 2020.
             Was the Champion of Dithmenos.
             Quit the game on level 6 of the Lair of Beasts on Aug 28, 2020.
             The game lasted 01:50:51 (17652 turns).

KlarStein the Carver (Demonspawn Fighter)          Turns: 17652, Time: 01:50:51

Health: 114/114    AC: 24    Str: 20    XL:     14   Next: 8%
Magic:  24/24      EV:  4    Int: 10    God:    Dithmenos [******]
Gold:   635        SH: 17    Dex: 12    Spells: 13/13 levels left

rFire    . . .     SeeInvis +   w - +4 long sword
rCold    + . .     Gourm    .   k - +0 large shield
rNeg     . . .     Faith    +   I - +3 plate armour {rC+}
rPois    .         Spirit   +   (helmet restricted)
rElec    +         Reflect  .   g - +1 cloak
rCorr    .         Harm     .   (no gloves)
MR       +....                  (boots unavailable)
Stlth    ..........             p - amulet of faith
HPRegen  0.29/turn              o - ring of magical power
MPRegen  0.38/turn              q - ring of see invisible

@: wreathed by umbra
A: hooves 3, horns 1, thin metallic scales 3, low mp 1, spiny 1, weak 1, magic
shield, magic regeneration, MP-powered wands
a: Shadow Step, Shadow Form, Renounce Religion


You were on level 6 of the Lair of Beasts.
You worshipped Dithmenos.
Dithmenos was exalted by your worship.
You were hungry.

You visited 4 branches of the dungeon, and saw 17 of its levels.
You also visited: Ossuary.

You collected 971 gold pieces.
You spent 336 gold pieces at shops.

Inventory:

Hand Weapons
 u - a +7 club
 w - a +4 long sword (weapon)
 A - a +3 dagger
 F - a +4 glaive of flaming
 M - the +3 broad axe of the Thing {vamp, rPois}
   (You found it on level 6 of the Lair of Beasts)

   It inflicts no extra harm, but heals its wielder when it wounds a living foe.
   It protects you from poison.
Armour
 c - a +1 shield
 g - a +1 cloak (worn)
 k - a +0 large shield (worn)
 H - a +0 scale mail of fire resistance
 I - a +3 plate armour of cold resistance (worn)
Jewellery
 a - the ring of Hinkon {Wiz *Corrode rElec MR+}
   (You found it on level 7 of the Dungeon)

   [ring of wizardry]

   It improves your spell success rate.
   It insulates you from electricity.
   It affects your resistance to hostile enchantments.
   It may corrode you when you take damage.
 b - a +3 ring of evasion
 o - a ring of magical power (left hand)
 p - an amulet of faith (around neck)
 q - a ring of see invisible (right hand)
 C - an uncursed ring of protection from fire
Wands
 r - a wand of flame (32)
 s - a wand of enslavement (8)
 v - a wand of clouds (4)
 K - a wand of random effects (13)
Scrolls
 e - a scroll of amnesia
 i - 10 scrolls of remove curse
 x - 2 scrolls of magic mapping
 y - 4 scrolls of teleportation
 z - a scroll of enchant armour
 L - a scroll of fog
Potions
 h - 2 potions of curing
 j - 3 potions of magic
 l - 2 potions of agility
 m - 2 potions of flight
 t - 5 potions of brilliance
 B - a potion of resistance
 E - 3 potions of cancellation
 J - 2 potions of haste {unknown}
Comestibles
 f - 31 rations


   Skills:
 + Level 11.9 Fighting
 * Level 13.0 Long Blades
 + Level 11.0 Armour
 + Level 11.0 Shields
 - Level 4.0 Invocations


You had 13 spell levels left.
You didn't know any spells.
Your spell library contained the following spells:

 Spells                   Type           Power        Failure   Level  Hunger
 Infusion                 Chrm           #...         100%        1    ##.....
 Sting                    Conj/Pois      #...         100%        1    ##.....
 Summon Small Mammal      Summ           #...         100%        1    ##.....
 Call Imp                 Summ           #.......     100%        2    ###....
 Poisonous Vapours        Pois/Air       #.....       100%        2    ###....
 Shroud of Golubria       Chrm/Tloc      #.....       100%        2    ###....
 Song of Slaying          Chrm           #.......     100%        2    ###....
 Call Canine Familiar     Summ           #.......     100%        3    ####...
 Mephitic Cloud           Conj/Pois/Air  #.......     100%        3    ####...
 Regeneration             Chrm/Necr      #.........   100%        3    ####...
 Spectral Weapon          Hex/Chrm       #.......     100%        3    ####...
 Summon Guardian Golem    Hex/Summ       #.......     100%        3    ####...
 Olgreb's Toxic Radiance  Pois           #.......     100%        4    #####..
 Summon Ice Beast         Ice/Summ       #.......     100%        4    #####..
 Summon Lightning Spire   Summ/Air       #.......     100%        4    #####..
 Venom Bolt               Conj/Pois      #.........   100%        5    ######.


Dungeon Overview and Level Annotations

Branches:
Dungeon (9/15)             Temple (1/1) D:5            Lair (6/6) D:9
 Shoals (0/4) Lair:2       Spider (0/4) Lair:2        Slime (1/5) Lair:6
Ossuary (visited)
    Orc: D:9-12

Altars:
Ashenzari
Cheibriados
Dithmenos
Elyvilon
Fedhas
Gozag
Hepliaklqana
Kikubaaqudgha
Makhleb
Nemelex Xobeh
Okawaru
Qazlal
Ru
Sif Muna
Trog
Uskayaw
Vehumet
Wu Jian
Xom
Yredelemnul
Zin
The Shining One

Shops:
D:4 *   D:6 !

Annotations:
D:8 2 transporters


Innate Abilities, Weirdness & Mutations

You have hooves in place of feet.
You are completely covered in thin metallic scales. (AC +4, rElec)
You are partially covered in sharp spines.
When hurt, damage is shared between your health and your magic reserves.
You regenerate magic rapidly.
You have a pair of small horns on your head.
Your magical capacity is low. (-10% MP)
You are weak. (Str -2)
You expend magic power (3 MP) to strengthen your wands.


Message History

All of the chunks of flesh in your inventory have rotted away.
You enter the shallow water.
Moving in this stuff is going to be slow.
You enter the shallow water.
Moving in this stuff is going to be slow.
HP restored.
Done exploring.
Done exploring.
You start waiting.
You are feeling hungry.
Okay, then.
There is a staircase to the Slime Pits, spattered with blood here.
There is a staircase to the Slime Pits, spattered with blood here.
Unknown command.
Saving game... please wait.
Welcome back, KlarStein the Demonspawn Fighter.
Dithmenos says: Spread the eternal night.
Press ? for a list of commands and other information.
Unknown command.
Are you sure you want to abandon this character and quit the game? (Confirm with "yes".)

#............................
#P...........................
##...........................
#...........................
#.).........................
#.................#.........
##............P....##........
#...............P§P.###......
#...........@...≈P..#.#......
##P.........>....≈§....#......
#P..............≈≈≈#..........
###.............#≈≈P..........
#.............≈≈§.........P.
##....................P.P##..
#P...................P.PP....
##...........................
##P...........................


There were no monsters in sight!

Vanquished Creatures
  An ice dragon (Lair:4)
  Harold (D:9)
  3 hydras
  A catoblepas (Lair:4)
  2 two-headed ogres (D:9)
  A merfolk avatar (Lair:6)
  5 death yaks (Lair:3)
  Nergalle (Lair:2)
  4 sea snakes (Lair:6)
  A harpy (Lair:6)
  Pikel (D:5)
  An oklob plant (Lair:6)
  2 merfolk sirens (Lair:2)
  5 black mambas
  8 elephants
  A torpor snail (Lair:6)
  12 spiny frogs
  2 rime drakes
  12 komodo dragons
  2 queen bees (D:9)
  Grinder (D:6)
  3 polar bears (Lair:6)
  A wind drake (Lair:6)
  7 slime creatures
  3 hornets (Lair:6)
  2 merfolk (Lair:2)
  22 blink frogs
  5 hippogriffs
  A tyrant leech (Lair:6)
  2 wyverns (Lair:6)
  21 yaks
  Sigmund (D:2)
  Eustachio (D:6)
  2 basilisks
  A steam dragon (Lair:5)
  Edmund (D:5)
  2 swamp worms (Lair:6)
  14 water moccasins
  Duvessa (D:5)
  2 ice beasts (D:6)
  4 porcupines
  A sky beast (D:6)
  A black bear (D:7)
  4 orc warriors
  A phantom (D:8)
  A slave (D:5)
  5 necrophages (Lair:4)
  3 ogres
  14 wolves
  2 centaurs (D:9)
  2 big kobolds
  14 crocodiles
  11 bullfrogs
  Dowan (D:5)
  5 scorpions
  43 killer bees (D:9)
  4 wights (D:6)
  An electric eel (Lair:1)
  A jelly (D:6)
  3 crimson imps
  A bullfrog zombie (D:6)
  2 centaur zombies (Ossuary)
  3 iron imps (D:6)
  6 orc priests
  Crazy Yiuf (D:6)
  A human zombie (Ossuary)
  Ijyb (D:5)
  Terence (D:3)
  5 orc wizards
  Natasha (thrice) (D:2)
  An iguana (D:9)
  A statue (D:9)
  6 worker ants
  A big kobold zombie (Ossuary)
  A hound skeleton (D:8)
  2 mummies (Ossuary)
  Robin (D:3)
  A howler monkey skeleton (D:6)
  9 adders
  A gnoll (D:4)
  2 shadow imps (D:8)
  3 adder zombies
  3 worms
  2 dart slugs (D:2)
  7 leopard geckos
  38 orcs
  5 giant cockroaches
  9 hobgoblins
  2 jackals (D:3)
  2 quokkas
  A ball python skeleton (D:4)
  10 bats
  A frilled lizard (D:3)
  13 goblins
  6 hobgoblin zombies (Ossuary)
  2 jackal zombies (Ossuary)
  18 kobolds
  13 kobold zombies (Ossuary)
  8 orc zombies (Ossuary)
  A quokka skeleton (D:5)
  A quokka zombie (D:7)
  6 rats
  2 rat zombies (Ossuary)
  A spectral orc (D:2)
  A plant (Lair:1)
485 creatures vanquished.

Vanquished Creatures (others)
  12 fungi
  46 plants
58 creatures vanquished.

Grand Total: 543 creatures vanquished

Notes
Turn   | Place    | Note
-------+----------+-------------------------------------------
     0 | D:1      | KlarStein the Demonspawn Fighter began the quest for the
                  | Orb.
     0 | D:1      | Reached XP level 1. HP: 18/18 MP: 1/1
   130 | D:1      | Reached skill level 2 in Long Blades
   231 | D:1      | Gained mutation: You are partially covered in thin metallic
                  | scales. (AC +2) [demonic ancestry]
   231 | D:1      | Reached XP level 2. HP: 16/24 MP: 2/2
   480 | D:2      | Noticed Natasha
   584 | D:2      | Noticed Sigmund
   708 | D:3      | Noticed an orc warrior
   733 | D:2      | Killed Sigmund
   733 | D:2      | Reached skill level 3 in Long Blades
   733 | D:2      | Gained mutation: You are mostly covered in thin metallic
                  | scales. (AC +3) [demonic ancestry]
   733 | D:2      | Reached XP level 3. HP: 13/30 MP: 3/3
   733 | D:2      | Gained mutation: When hurt, damage is shared between your
                  | health and your magic reserves. [demonic ancestry]
   733 | D:2      | Reached XP level 4. HP: 16/37 MP: 4/4
   733 | D:2      | Gained mutation: You are completely covered in thin
                  | metallic scales. (AC +4, rElec) [demonic ancestry]
   733 | D:2      | Reached XP level 5. HP: 19/42 MP: 5/5
   930 | D:2      | Found a shadowy altar of Dithmenos.
   934 | D:2      | Became a worshipper of Dithmenos the Shadowed
   996 | D:2      | Found a basalt altar of Yredelemnul.
  1084 | D:2      | Found a white marble altar of Elyvilon.
  1202 | D:2      | Killed Natasha
  1587 | D:2      | Noticed Natasha
  1594 | D:2      | Killed Natasha
  1725 | D:3      | Noticed Terence
  1769 | D:2      | Noticed Natasha
  1775 | D:2      | Killed Natasha
  1775 | D:2      | Gained mutation: You have large cloven feet. [demonic
                  | ancestry]
  1775 | D:2      | Reached XP level 6. HP: 45/48 MP: 4/6
  1856 | D:3      | Killed an orc warrior
  1856 | D:3      | Reached skill level 4 in Long Blades
  2386 | D:4      | Reached * piety under Dithmenos
  2406 | D:4      | Found a sand-covered staircase.
  2413 | Ossuary  | Entered an ossuary
  2628 | Ossuary  | Reached ** piety under Dithmenos
  2628 | Ossuary  | Gained mutation: You are partially covered in sharp spines.
                  | [demonic ancestry]
  2628 | Ossuary  | Reached XP level 7. HP: 46/55 MP: 7/7
  2831 | D:4      | Found Hiasyehy's Assorted Antiques.
  2846 | D:4      | Bought a large golden amulet for 115 gold pieces
  2915 | D:4      | Reached skill level 5 in Long Blades
  3305 | D:3      | Killed Terence
  3335 | D:3      | Reached *** piety under Dithmenos
  3353 | D:3      | Noticed Robin
  3809 | D:3      | Found a shimmering altar of Xom.
  3856 | D:3      | Killed Robin
  3856 | D:3      | Reached skill level 5 in Fighting
  4174 | D:5      | Entered Level 5 of the Dungeon
  4215 | D:5      | Noticed Ijyb
  4224 | D:5      | Killed Ijyb
  4261 | D:5      | Noticed Edmund
  4296 | D:5      | Killed Edmund
  4296 | D:5      | Reached skill level 1 in Invocations
  4296 | D:5      | Reached XP level 8. HP: 56/62 MP: 8/8
  4306 | D:5      | Found a sacrificial altar of Ru.
  4337 | D:5      | Noticed Duvessa
  4337 | D:5      | Noticed Dowan
  4364 | D:5      | Killed Duvessa
  4364 | D:5      | Reached **** piety under Dithmenos
  4387 | D:5      | Killed Dowan
  4762 | D:5      | Noticed Pikel
  4780 | D:5      | Killed Pikel
  4780 | D:5      | Reached skill level 6 in Long Blades
  4780 | D:5      | Reached skill level 5 in Armour
  4780 | D:5      | Reached skill level 5 in Shields
  4899 | D:5      | Found a staircase to the Ecumenical Temple.
  4914 | Temple   | Entered the Ecumenical Temple
  5441 | D:4      | Bought a shiny scale mail for 161 gold pieces
  5639 | D:6      | Gained mutation: You have hoof-like feet. [demonic
                  | ancestry]
  5639 | D:6      | Reached XP level 9. HP: 68/69 MP: 12/12
  5893 | D:6      | Noticed Eustachio
  5907 | D:6      | Killed Eustachio
  5952 | D:6      | Gained mutation: You have hooves in place of feet. [potion
                  | of mutation]
  5952 | D:6      | Gained mutation: You are occasionally teleported next to
                  | monsters. [potion of mutation]
  5952 | D:6      | Gained mutation: You have very sharp teeth. [potion of
                  | mutation]
  5953 | D:6      | Lost mutation: You are occasionally teleported next to
                  | monsters. [potion of mutation]
  5953 | D:6      | Lost mutation: You have very sharp teeth. [potion of
                  | mutation]
  5953 | D:6      | Gained mutation: You are agile. (Dex +2) [potion of
                  | mutation]
  5953 | D:6      | Gained mutation: Your flesh is heat resistant. (rF+)
                  | [potion of mutation]
  5953 | D:6      | Gained mutation: You have a pair of small horns on your
                  | head. [potion of mutation]
  6017 | D:6      | Found a blossoming altar of Fedhas.
  6079 | D:6      | Reached skill level 7 in Long Blades
  6086 | D:6      | Found a burning altar of Makhleb.
  6174 | D:6      | Found Zothroc's Distillery.
  6185 | D:6      | Bought a potion of heal wounds for 60 gold pieces
  6192 | D:6      | Found an ornate altar of the Wu Jian Council.
  6318 | D:6      | Noticed Grinder
  6326 | D:6      | Killed Grinder
  6375 | D:6      | Found a runed translucent door.
  6376 | D:6      | Noticed Crazy Yiuf
  6380 | D:6      | Killed Crazy Yiuf
  6959 | D:7      | Found a sparkling altar of Nemelex Xobeh.
  7131 | D:7      | Got a smoking jade ring
  7134 | D:7      | Identified the ring of Hinkon {Wiz *Corrode rElec MR+} (You
                  | found it on level 7 of the Dungeon)
  7241 | D:8      | Found a bloodstained altar of Trog.
  7352 | D:8      | Reached ***** piety under Dithmenos
  7456 | D:8      | Noticed a cyclops
  7467 | D:8      | Found a stormy altar of Qazlal.
  7477 | D:8      | Found a transporter.
  7487 | D:8      | Found a transporter.
  7821 | D:9      | Reached skill level 8 in Long Blades
  7838 | D:9      | Reached XP level 10. HP: 74/79 MP: 11/13
  7994 | D:9      | Found an opulent altar of Gozag.
  8118 | D:9      | Found a snail-covered altar of Cheibriados.
  8212 | D:9      | Noticed a two-headed ogre
  8230 | D:9      | Killed a two-headed ogre
  8349 | D:9      | Reached skill level 9 in Long Blades
  8513 | D:9      | Noticed Harold
  8532 | D:9      | Killed Harold
  8537 | D:9      | Noticed a two-headed ogre
  8563 | D:9      | Killed a two-headed ogre
  8563 | D:9      | Reached XP level 11. HP: 82/87 MP: 14/14
  8943 | D:9      | Found a staircase to the Lair.
  9091 | D:9      | Found a radiant altar of Vehumet.
  9163 | D:9      | Reached skill level 10 in Long Blades
  9298 | Lair:1   | Entered Level 1 of the Lair of Beasts
 10123 | Lair:2   | Noticed a seven-headed hydra
 10192 | Lair:2   | Found a hole to the Spider Nest.
 10346 | Lair:2   | Found a staircase to the Shoals.
 10598 | Lair:2   | Noticed Nergalle
 10608 | Lair:2   | Noticed a spectral orc warlord
 10608 | Lair:2   | Noticed a spectral orc warlord
 10615 | Lair:2   | Reached skill level 11 in Long Blades
 10619 | Lair:2   | Killed Nergalle
 10940 | Lair:2   | Killed a seven-headed hydra
 10940 | Lair:2   | Reached XP level 12. HP: 96/96 MP: 15/15
 11178 | Lair:3   | Noticed a death yak
 11196 | Lair:3   | Killed a death yak
 11221 | Lair:3   | Noticed a death yak
 11221 | Lair:3   | Noticed a death yak
 11221 | Lair:3   | Noticed a death yak
 11243 | Lair:3   | Noticed a death yak
 11261 | Lair:3   | Killed a death yak
 11706 | Lair:3   | Killed a death yak
 11716 | Lair:3   | Killed a death yak
 11733 | Lair:3   | Killed a death yak
 11733 | Lair:3   | Reached skill level 10 in Fighting
 12136 | Lair:3   | Reached ****** piety under Dithmenos
 12685 | Lair:4   | Noticed a five-headed hydra
 12716 | Lair:4   | Killed a five-headed hydra
 13000 | Lair:4   | Noticed a catoblepas
 13039 | Lair:4   | Killed a catoblepas
 13039 | Lair:4   | Reached skill level 12 in Long Blades
 13107 | Lair:4   | Mutation became permanent: You have hoof-like feet.
                  | [demonic ancestry]
 13107 | Lair:4   | Gained mutation: You have hooves in place of feet. [demonic
                  | ancestry]
 13107 | Lair:4   | Reached XP level 13. HP: 77/104 MP: 16/16
 13435 | Lair:4   | Reached skill level 10 in Shields
 13775 | Lair:5   | Reached skill level 10 in Armour
 14763 | Lair:6   | Entered Level 6 of the Lair of Beasts
 14774 | Lair:6   | Got an encrusted broad axe
 14920 | Lair:6   | Paralysed by a hornet for 1 turns
 15679 | Lair:6   | Identified the +3 broad axe of the Thing {vamp, rPois} (You
                  | found it on level 6 of the Lair of Beasts)
 15841 | Lair:6   | Found a staircase to the Slime Pits.
 16861 | Lair:6   | Gained mutation: You regenerate magic rapidly. [demonic
                  | ancestry]
 16861 | Lair:6   | Reached XP level 14. HP: 34/114 MP: 6/17
 17194 | Slime:1  | Entered Level 1 of the Pits of Slime
 17241 | Lair:6   | Reached skill level 13 in Long Blades
 17281 | Slime:1  | Gained mutation: You are dopey. (Int -2) [a shining eye]
 17289 | Slime:1  | Gained mutation: Scrolls take you a little longer to read.
                  | [a shining eye]
 17304 | Lair:6   | Lost mutation: You are agile. (Dex +2) [potion of mutation]
 17304 | Lair:6   | Lost mutation: You have a pair of small horns on your head.
                  | [potion of mutation]
 17304 | Lair:6   | Lost mutation: Scrolls take you a little longer to read.
                  | [potion of mutation]
 17304 | Lair:6   | Lost mutation: Your flesh is heat resistant. (rF+) [potion
                  | of mutation]
 17304 | Lair:6   | Gained mutation: Your magical capacity is low. (-10% MP)
                  | [potion of mutation]
 17304 | Lair:6   | Gained mutation: You can translocate small distances at
                  | will. [potion of mutation]
 17305 | Lair:6   | Lost mutation: You are dopey. (Int -2) [potion of mutation]
 17305 | Lair:6   | Lost mutation: You can translocate small distances at will.
                  | [potion of mutation]
 17305 | Lair:6   | Gained mutation: You expend magic power (3 MP) to
                  | strengthen your wands. [potion of mutation]
 17305 | Lair:6   | Gained mutation: You are weak. (Str -2) [potion of
                  | mutation]
 17305 | Lair:6   | Gained mutation: You have a pair of small horns on your
                  | head. [potion of mutation]
 17652 | Lair:6   | Quit the game

Levels and vault maps discovered:
D:1:      mainiacjoe_arrival_reflecting_pool, layout_basic, serial_glass,
          glass_columns_b, glass_columns_c
D:2:      layout_loops_ring, yredelemnul_forgotten_temple_becter,
          elyvilon_altar_3, grunt_dithmenos_smoke_and_mirrors, uniq_natasha,
          uniq_sigmund
D:3:      layout_rooms, overflow_temple_1_default, uniq_terence, uniq_robin
D:4:      layout_basic, nicolae_ossuary_entry_monument, first_ration,
          serial_shops, shop_fountains, st_stairs_13
D:5:      minmay_angry_zag, layout_basic, lemuel_doored_altar,
          minmay_temple_entry_mist, chequers_avenue, uniq_ijyb, uniq_pikel,
          uniq_duvessa, uniq_edmund
D:6:      layout_basic, kennysheep_little_box, fedhas_altar_fruit_tree,
          demons_altar, serial_shops, nicolae_shop_behind_doors,
          minmay_misc_feat_rows, minivault_11, uniq_grinder,
          uniq_crazy_yiuf_cottage, uniq_eustachio
D:7:      layout_rooms, lemuel_coloured_pillars_altar
D:8:      layout_basic, gammafunk_temple_overflow_arena, basic_altar
D:9:      layout_roguey, cheibriados_altar_1, kennysheep_mini, vehumet_statue,
          david_lair_shrubbed, david_nohive_1, nicolae_looking_at_the_future,
          uniq_harold
Temple:   compressed_dpeg_triangle_lava_temple
Lair:1:   layout_hall_layers, serial_bayou_lake_a
Lair:2:   layout_loops_ring, elwin_shoals_entry_stream,
          spider_nest_entry_web_field, uniq_nergalle
Lair:3:   layout_loops_ring, infiniplex_staircase_pool, serial_bayou_shore_b
Lair:4:   layout_long_grid, roderic_carrion_pond, grunt_megastairs_1
Lair:5:   layout_cave_pods, chequers_serial_rivers_micro_b
Lair:6:   gammafunk_lair_ancient_temple, layout_gridlike,
          minmay_slime_entry_oklob_open, chequers_serial_rivers_room_a,
          worms_lemuel, lemuel_fruit_fields
Slime:1:  layout_caves

Skill      XL: |  1  2  3  4  5  6  7  8  9 10 11 12 13 14 |
---------------+-------------------------------------------+-----
Long Blades    | 2 3 4 5 6 8 9 11 12 13 | 13.0
Armour         | 3 4 5 6 7 8 9 11 | 11.0
Shields        | 3 4 5 6 7 8 9 11 | 11.0
Fighting       | 4 5 6 7 8 9 10 11 | 11.9
Invocations    | 1 4 |  4.0

Action                   |  1- 3 |  4- 6 |  7- 9 | 10-12 | 13-15 || total
-------------------------+-------+-------+-------+-------+-------++-------
Melee: Long sword        |    59 |   260 |   484 |   668 |   480 ||  1951
       Kick              |       |       |    40 |   249 |   213 ||   502
       Headbutt          |       |       |    20 |   160 |   140 ||   320
       Club              |       |       |       |       |     8 ||     8
Throw: Throwing net      |       |       |       |     4 |     1 ||     5
Invok: Shadow Step       |       |       |     1 |     1 |     1 ||     3
Evoke: Wand              |       |       |       |    28 |     7 ||    35
  Use: Scroll            |       |     9 |    11 |     6 |     7 ||    33
       Potion            |       |     1 |     3 |     7 |    11 ||    22
  Eat: Chunk             |       |     6 |    14 |    18 |    15 ||    53
       Ration            |       |       |     1 |       |       ||     1
Armor: Scale mail        |    35 |   154 |   167 |       |       ||   356
       Plate armour      |       |       |    44 |   239 |   186 ||   469
       Skin              |       |       |       |    31 |       ||    31
Dodge: Dodged            |    23 |    71 |   142 |   157 |    96 ||   489
Block: Shield            |    29 |   142 |   283 |   372 |    13 ||   839
       Large shield      |       |       |       |       |   376 ||   376
       Rpst.: Long sword |     7 |    22 |    49 |    38 |    21 ||   137
